 Dungeon Crawl Stone Soup version 0.30.1-3-gfc49f6343a (webtiles) character file.

Game seed: 15062924061974846233

811 Anandil the Trooper (level 7, -2/56 HPs)
             Began as a Demonspawn Fighter on Aug 1, 2023.
             Slain by an orc
             ... wielding a +0 trident
              (6 damage)
             ... on level 4 of the Dungeon.
             The game lasted 00:09:47 (5123 turns).

Anandil the Trooper (Demonspawn Fighter)            Turns: 5123, Time: 00:09:48

Health: -2/56      AC:  8    Str: 18    XL:     7   Next: 61%
Magic:  7/7        EV: 11    Int:  9    God:
Gold:   234        SH:  5    Dex: 13    Spells: 6/6 levels left

rFire   . . .        q - +1 spear (venom)
rCold   + . .        c - +0 buckler
rNeg    + . .        b - +0 scale mail
rPois   .            s - +0 helmet
rElec   .            (no cloak)
rCorr   .            (no gloves)
SInv    .            (no boots)
Will    .....        (no amulet) Stlth
                     t - ring of positive energy
HPRegen 0.29/turn    (no ring)
MPRegen 0.10/turn

%: no passive effects
@: brilliant, about to teleport, hasted, very quick
A: repulsion field 1, powered by death 1, cold resistance 1, subdued magic 1,
inability to read after injury 1, MP-powered wands
a: no special abilities


You were on level 4 of the Dungeon.
You visited 1 branch of the dungeon, and saw 4 of its levels.
You also visited: Sewer.

You collected 234 gold pieces.

Inventory:

Hand Weapons
 a - a +0 trident
 q - a +1 spear of venom (weapon)
Missiles
 l - 26 poisoned darts (quivered)
 u - 3 curare-tipped darts
 y - a throwing net
Armour
 b - a +0 scale mail (worn)
 c - a +0 buckler (worn)
 s - a +0 helmet (worn)
Jewellery
 h - an amulet of magic regeneration
 t - a ring of positive energy (left hand)
Scrolls
 d - a scroll of poison {unknown}
 e - 2 scrolls of brand weapon {unknown}
 f - 3 scrolls of identify {unknown}
 g - 2 scrolls of teleportation
 j - 2 scrolls of enchant armour {unknown}
 k - a scroll of enchant weapon {unknown}
 m - 2 scrolls of fog {unknown}
 r - a scroll of blinking {unknown}
 v - a scroll of summoning {unknown}
 w - a scroll of magic mapping {unknown}
 x - a scroll of noise {unknown}
Potions
 p - a potion of lignification


   Skills:
 + Level 5.1 Fighting
 + Level 4.2 Polearms
 + Level 4.7 Armour
 + Level 4.7 Shields


You had 6 spell levels left.
You didn't know any spells.
Your spell library contained the following spells:

 Spells                   Type           Power      Damage    Failure   Level
 Summon Small Mammal      Summ           0%         N/A       80%         1
 Call Canine Familiar     Summ           0%         N/A       99%         3
 Portal Projectile        Hex/Tloc       0%         N/A       99%         3
 Summon Guardian Golem    Hex/Summ       0%         N/A       99%         3
 Leda's Liquefaction      Hex/Erth       0%         N/A       100%        4


Dungeon Overview and Level Annotations

Branches:
Dungeon (4/15)              Sewer (visited)
 Temple: D:4-7

Altars:

Shops:
D:4 :


Innate Abilities, Weirdness & Mutations

You are surrounded by a mild repulsion field. (EV +2)
You regenerate a little health from kills.
Your flesh is cold resistant. (rC+)
Your spells are a little easier to cast, but a little less powerful.
You occasionally lose the ability to read scrolls when taking damage.
You expend magic power (3 MP) to strengthen your wands.


Message History

The poisoned dart hits you!
You are poisoned.
You bump into the rock wall.
You feel less confused.
You feel sick.
Unknown command.
You feel sick.
You completely miss something.
You feel sick.
Unknown command.
You miss something. Something hits you but does no damage.
The orc hits you but does no damage.
Unknown command.
You barely miss something.
You feel sick.
Unknown command.
You miss something.
You feel sick. Something hits you but does no damage.
The orc hits you from afar with a +0 trident.
* * * LOW HITPOINT WARNING * * *
Unknown command.
Unknown command.
It was a potion of brilliance.
You feel clever all of a sudden. Something hits you.
* * * LOW HITPOINT WARNING * * *
You block the orc's attack.
It was a potion of magic.
Magic courses through your body.
You feel sick.
It was a potion of mutation.
You feel extremely strange.
You occasionally lose the ability to read scrolls when taking damage.
You feel your magical essence link to the dungeon's wands.
Your connection to magic feels subdued.
You feel resistant to cold.
You feel sick.
You are no longer poisoned.
Something hits you but does no damage.
The orc hits you from afar with a +0 trident.
* * * LOW HITPOINT WARNING * * *
Unknown command.
As you read the scroll of teleportation, it crumbles to dust.
You feel strangely unstable.
An orc wizard appears from thin air!
Reactivating autopickup.
The orc hits you from afar with a +0 trident.
You die...

##....###.............o.#
##...............###.o...#
#...............# ##.....#
##.....#####.)..#
##......# ##..#### #.)..#
#.g.... #...# #....#
##S#.. ##..## #.o#.# ....
##...# #go### ?# #...##
#.#@# ....# #..### .#..##
#.## ###..# ## #..## ###
##..## ##.## #...###...#
#...##)..## ##..))#)##


You could see an orc wizard, an orc and a hobgoblin.

Vanquished Creatures
  7 kobold brigands (Sewer)
  An orc priest (D:4)
  Robin (D:4)
  9 gnolls
  A river rat (Sewer)
  5 adders
  9 worms
  5 orcs (D:4)
  5 bats
  12 endoplasms
  7 giant cockroaches
  16 goblins
  8 hobgoblins
  6 jackals
  8 kobolds
  8 quokkas
  13 ball pythons
  A frilled lizard (D:3)
  8 rats
130 creatures vanquished.

Notes
Turn   | Place    | Note
-------+----------+-------------------------------------------
     0 | D:1      | Anandil the Demonspawn Fighter began the quest for the Orb.
     0 | D:1      | Reached XP level 1. HP: 18/18 MP: 1/1
    66 | D:1      | Gained mutation: You regenerate a little health from kills.
                  | [demonic ancestry]
    66 | D:1      | Reached XP level 2. HP: 22/24 MP: 2/2
   801 | D:1      | Reached XP level 3. HP: 11/29 MP: 3/3
  1514 | D:2      | Reached XP level 4. HP: 35/35 MP: 4/4
  1933 | D:3      | Found a glowing drain.
  1964 | Sewer    | Entered a sewer
  2083 | Sewer    | Noticed a kobold brigand
  2103 | Sewer    | Killed a kobold brigand
  2104 | Sewer    | Reached XP level 5. HP: 25/42 MP: 5/5
  2362 | Sewer    | Reached skill level 4 in Fighting
  2513 | Sewer    | Gained mutation: You are surrounded by a mild repulsion
                  | field. (EV +2) [demonic ancestry]
  2513 | Sewer    | Reached XP level 6. HP: 33/48 MP: 6/6
  3262 | Sewer    | Reached XP level 7. HP: 52/55 MP: 7/7
  3864 | D:3      | Reached skill level 5 in Fighting
  3971 | D:3      | Found a faded altar of an unknown god.
  4114 | D:4      | Found Eruguast's Book Boutique.
  4632 | D:4      | Noticed Robin
  4664 | D:4      | Killed Robin
  5122 | D:4      | Gained mutation: You occasionally lose the ability to read
                  | scrolls when taking damage. [potion of mutation]
  5122 | D:4      | Gained mutation: You expend magic power (3 MP) to
                  | strengthen your wands. [potion of mutation]
  5122 | D:4      | Gained mutation: Your spells are a little easier to cast,
                  | but a little less powerful. [potion of mutation]
  5122 | D:4      | Gained mutation: Your flesh is cold resistant. (rC+)
                  | [potion of mutation]
  5123 | D:4      | Slain by an orc

Illustrated notes

Levels and vault maps discovered:
D:1:      scummos_arrival_checkerplants, layout_loops_corners
D:2:      layout_loops_ring
D:3:      layout_loops_ring, portal_sewer_entry_f,
          shapermc_ecumenical_altar_hornbeckon
D:4:      layout_layer_cave, minmay_misc_feat_room, nicolae_stop_n_shop_2,
          uniq_robin

Skill      XL: |  1  2  3  4  5  6  7 |
---------------+----------------------+-----
Polearms       | 2 3 4 |  4.2
Shields        | 3 4 |  4.7
Armour         | 3 4 |  4.7
Fighting       | 4 5 |  5.1

Action                     |  1- 3 |  4- 6 |  7- 9 || total
---------------------------+-------+-------+-------++-------
  Melee: Trident           |   134 |   250 |    51 ||   435
         Spear             |       |       |   127 ||   127
  Throw: Dart              |     1 |       |       ||     1
    Use: Potion            |     2 |       |     6 ||     8
         Scroll            |       |     1 |     1 ||     2
 Armour: Scale mail        |    32 |    90 |    50 ||   172
         Skin              |     8 |       |       ||     8
  Dodge: Dodged            |    43 |    87 |    77 ||   207
  Block: Buckler           |    24 |    55 |    35 ||   114
